Map: Orbital Shipyard

Players

Javert - Winner!

  • Race: Zerg Zerg
  • League: Gold

VOD

Have the link to the VOD?

Description

Time

  • Played on: Sept. 28, 2015, 12:47 a.m.
  • Length: 2:07
Show
View Real Time Build Order
Export as new Build Order

Javert Zerg - Winner!

Build Orders: Hatch First 

Get SALT Encoding   

  12  0:03  Drone  
  12  0:13  Overlord  
  12  0:19  Drone  
  12  0:32  Drone  
  12  0:33  Drone  
  12  0:36  Drone  
  12  0:54  Hatchery  
  12  0:57  Drone  
  12  0:59  Extractor  
  12  1:03  Drone  
  12  1:13  Drone  
  12  1:19  Spawning Pool  
  12  1:24  Drone  
  12  1:30  Drone  
  12  1:52  Drone  
  12  2:07  Roach Warren  
Tags
 
Add a new tag
Caveats
  • Supply blocks, unpowered buildings, or Contaminate may cause inaccurate times.
  • Supply counts are checked every 10 seconds.